 Dungeon Crawl Stone Soup version 0.30.0-29-ga12c61a403 (webtiles) character file.

Game seed: 836972782633246324

25 Nicoed the Trooper (level 2, -9/27 HPs)
             Began as a Minotaur Berserker on June 24, 2023.
             Was a Believer of Trog.
             Mangled by Sigmund
             ... wielding a +1 heavy scythe
              (15 damage)
             ... on level 2 of the Dungeon.
             The game lasted 00:00:56 (926 turns).

Nicoed the Trooper (Minotaur Berserker)              Turns: 926, Time: 00:00:56

Health: -9/27      AC:  2    Str: 21    XL:     2   Next: 82%
Magic:  1/1        EV: 12    Int:  4    God:    Trog [**....]
Gold:   49         SH:  0    Dex:  9    Spells: 1/1 levels left

rFire   . . .        a - +0 mace
rCold   . . .        (no shield)
rNeg    . . .        b - +0 animal skin
rPois   .            (helmet restricted)
rElec   .            (no cloak)
rCorr   .            (no gloves)
SInv    .            (no boots)
Will    .....        (no amulet)
Stlth   +            (no ring)
HPRegen 0.24/turn    (no ring)
MPRegen 0.07/turn

%: no passive effects
@: confused
A: horns 2, retaliatory headbutt
a: Renounce Religion, Berserk, Trog's Hand


You were on level 2 of the Dungeon.
You worshipped Trog.
Trog was pleased with you.
You visited 1 branch of the dungeon, and saw 2 of its levels.

You collected 49 gold pieces.

Inventory:

Hand Weapons
 a - a +0 mace (weapon)
Missiles
 c - 2 throwing nets (quivered)
Armour
 b - a +0 animal skin (worn)
Jewellery
 f - an amulet of guardian spirit
Wands
 g - a wand of polymorph (9)
Scrolls
 d - a scroll of fog {unknown}
 e - 2 scrolls of noise {unknown}
 h - 2 scrolls of identify {unknown}
 i - a scroll of teleportation {unknown}


   Skills:
 - Level 4.0 Fighting
 + Level 4.0 Maces & Flails
 - Level 3.0 Armour
 + Level 2.7 Dodging


You had one spell level left.
You didn't know any spells.
Your spell library was empty.

Dungeon Overview and Level Annotations

Branches:
Dungeon (2/15)

Altars:

Annotations:
D:2 Sigmund


Innate Abilities, Weirdness & Mutations

You have a pair of horns on your head.
You reflexively headbutt those who attack you in melee.


Message History

A worm is nearby!
A worm is nearby!
You sock the worm!
You kill the worm!
Trog accepts your kill.
Training target 3.0 for Armour reached!
Your Armour skill increases to level 3!
Unknown command.
Sigmund the Dreaded comes into view.
He is wielding a +1 heavy scythe and wearing a +2 robe of positive energy.
Found a sling.
Found an escape hatch in the ceiling.
Found a dagger.
Unknown command.
Sigmund is nearby!
Sigmund drinks a potion.
Sigmund's spells are empowered!
Unknown command.
Sigmund is nearby!
Sigmund points at you and mumbles some strange words.
You are confused.
Unknown command.
Unknown command.
Sigmund hits you from afar with a +1 heavy scythe!
You bump into the rock wall.
You bump into the rock wall.
You feel less confused.
You see here a worm corpse.
Sigmund casts a spell.
Sigmund flickers and vanishes!
Deactivating autopickup; reactivate with Ctrl-A.
A puff of flame appears from out of thin air!
The puff of flame hits you!
You aren't carrying any potions.
You aren't carrying any potions.
Unknown command.
You hear some strange, mumbled words.
You are confused.
Something hits you!
* * * LOW HITPOINT WARNING * * *
You bump into the rock wall.
Something hits you!
Ouch! That really hurt!
You die...

##....... ##### #..<...).
##...# #........ #....#
#........ ... ##
####....###........ .....#
#####.......†..........
.....####.......)..#...........
.....#.....###....##...........
...<.....####..#@.{............
...#....###......###...........
..#...###...#.#### #...........
..............# #.=......)..
...†.......#### #....>.....#
..........## ......#####
.........## ######.#####
.........# # ##..........##
..##...#####.# ##............##


There were no monsters in sight!

Vanquished Creatures
  A worm (D:2)
  4 ball pythons
  3 endoplasms
  2 hobgoblins (D:1)
  A frilled lizard (D:2)
  2 goblins (D:1)
  2 kobolds (D:2)
  8 rats (D:1)
23 creatures vanquished.

Notes
Turn   | Place    | Note
-------+----------+-------------------------------------------
     0 | D:1      | Nicoed the Minotaur Berserker began the quest for the Orb.
     0 | D:1      | Reached XP level 1. HP: 19/19 MP: 0/0
   191 | D:1      | Reached XP level 2. HP: 26/27 MP: 1/1
   707 | D:2      | Reached ** piety under Trog
   906 | D:2      | Noticed Sigmund
   926 | D:2      | Mangled by Sigmund

Illustrated notes

Levels and vault maps discovered:
D:1:      elethiomel_arrival_quiet, layout_loops_ring
D:2:      layout_rooms, uniq_robin, uniq_sigmund

Skill      XL: |  1  2 |
---------------+-------+-----
Fighting       | 4 |  4.0
Maces & Flails | 4 |  4.0
Armour         | 3 |  3.0
Dodging        | |  2.7

Action                     || total
---------------------------++-------
  Melee: Mace              ||    40
         Headbutt          ||     7
   Stab: Sleeping          ||     1
 Armour: Animal skin       ||     4
  Dodge: Dodged            ||    24
